AoeStats
← CovidBryan

Arabia

508909858Analyzed
2v2 RM · 9d ago on Sep 24, 2026· 55m 49s· 4 players
Game mode
Random Map
Map size
Medium (4 player)
Population
200
Speed
Normal
Resources
Standard
Victory
Conquest
Starting age
Dark Age
Ending age
Imperial Age
RankedLock teamsTeams togetherTeam positionsShared explorationLock speedFull tech treeHidden civsTurbo modeCheats
Victory
Defeat
🇪🇸 Vietnamese · Spain
1171
+15
🇪🇸 Bulgarians · Spain
1147
+16
🇨🇭 Magyars · Switzerland
1155
-16
🇨🇭 Saxons · Switzerland
1139
-15
MC_Jumlox
4:04 Loom
11:32 Feudal Age
14:07 Double-Bit Axe
20:07 Castle Age
18:54 Stone Mining
19:30 Town Watch
19:30 Horse Collar
24:01 Gold Mining
26:02 Scale Barding Armor
28:50 Wheelbarrow
28:30 Bow Saw
30:02 Bloodlines
31:29 Husbandry
32:29 Chain Barding Armor
37:46 Hand Cart
37:20 Town Watch
41:45 Elite Skirmisher
42:58 Fletching
43:11 Padded Archer Armor
44:25 Bodkin Arrow
47:54 Imperial Age
49:35 Bracer
52:25 Ballistics
52:59 Thumb Ring
Fjschj
7:28 Loom
9:49 Feudal Age
17:37 Castle Age
16:14 Gold Mining
18:20 Double-Bit Axe
18:28 Horse Collar
22:48 Horse Collar
27:24 Clerical Recruitment
28:15 Scale Mail Armor
28:26 Forging
29:13 Fletching
30:12 Chain Mail Armor
31:18 Iron Casting
31:05 Bodkin Arrow
32:34 Gold Shaft Mining
35:17 Arson
36:07 Gambesons
37:07 Heavy Plow
40:21 Squires
43:25 Imperial Age
41:32 Wheelbarrow
41:13 Bow Saw
43:58 Hand Cart
45:57 Two-Man Saw
46:03 Scale Barding Armor
45:28 Shield Wall
48:26 Conscription
49:26 Pikeman
49:28 Elite Varangian Guard
51:49 Plate Mail Armor
51:27 Onager
sergiwhitehouse
6:49 Loom
9:53 Feudal Age
15:27 Gold Mining
19:04 Castle Age
17:22 Fletching
18:01 Padded Archer Armor
18:06 Horse Collar
19:23 Crossbowman
20:00 Double-Bit Axe
20:04 Crossbowman
22:33 Bodkin Arrow
24:21 Ballistics
24:35 Leather Archer Armor
24:43 Stone Mining
28:05 Thumb Ring
32:01 Wheelbarrow
34:53 Imperial Age
33:52 Hand Cart
35:20 Arbalester
36:33 Bow Saw
37:15 Bracer
38:35 Ring Archer Armor
40:13 Chemistry
48:06 Elite Skirmisher
50:19 Two-Man Saw
49:29 Imperial Skirmisher
51:44 Siege Engineers
52:54 Forging
52:50 Scale Barding Armor
54:11 Chain Barding Armor
54:27 Iron Casting
54:01 Husbandry
54:04 Chatras
54:29 Paper Money
55:07 Bloodlines
56:05 Plate Barding Armor
CovidBryan
2:44 Loom
7:32 Loom
10:09 Feudal Age
10:41 Double-Bit Axe
14:18 Arson
20:33 Castle Age
19:01 Scale Mail Armor
19:11 Forging
18:59 Horse Collar
23:10 Squires
23:04 Gambesons
24:15 Chain Mail Armor
24:36 Iron Casting
24:48 Bow Saw
27:38 Fletching
33:18 Scale Barding Armor
37:40 Chain Barding Armor
38:24 Bloodlines
38:19 Husbandry
42:36 Bodkin Arrow
46:27 Imperial Age
44:37 Wheelbarrow
47:43 Plate Barding Armor
48:09 Blast Furnace
46:44 Cavalier
52:52 Stirrups
54:27 Blast Furnace
53:03 Capped Ram
55:49 Capped Ram
Connection lost

Rejoining the realm…

Still unreachable

The connection could not be restored.

Session expired

The server has moved on; the page needs a fresh start.